 Dungeon Crawl Stone Soup version 0.28.0-47-ge53b351184 (webtiles) character file.

Game seed: 5254107356808485325

1453 Exodus22XD the Cleaver (level 8, -6/71 HPs)
             Began as a Hill Orc Monk on May 7, 2022.
             Was a Believer of Beogh.
             Mangled by a two-headed ogre
             ... wielding a +0 giant club
              (29 damage)
             ... on level 6 of the Dungeon.
             The game lasted 00:11:46 (7838 turns).

Exodus22XD the Cleaver (Hill Orc Monk)              Turns: 7838, Time: 00:11:47

Health: -6/71      AC: 10    Str: 16    XL:     8   Next: 75%
Magic:  8/8        EV: 11    Int: 10    God:    Beogh [**....]
Gold:   241        SH:  5    Dex: 19    Spells: 7/7 levels left

rFire   . . .      SeeInvis +   C - +0 war axe
rCold   . . .      Faith    .   D - +0 buckler
rNeg    . . .      Spirit   .   h - +0 ring mail {rPois}
rPois   +          Reflect  .   n - +0 helmet {SInv}
rElec   .          Harm     .   g - +0 cloak {rCorr}
rCorr   +          Rampage  .   (no gloves)
Will    .....                   f - +0 pair of boots
Stlth   +.........              (no amulet)
HPRegen 0.21/turn               m - +6 ring of dexterity
MPRegen 0.11/turn               a - ring of resist corrosion

@: no status effects
A: no striking features
a: Renounce Religion, Smiting


You were on level 6 of the Dungeon.
You worshipped Beogh.
Beogh was pleased with you.
You visited 1 branch of the dungeon, and saw 6 of its levels.
You also visited: Ossuary.

You collected 471 gold pieces.
You spent 230 gold pieces at shops.

Inventory:

Hand Weapons
 C - a +0 war axe (weapon)
Missiles
 G - a throwing net (quivered)
Armour
 d - a +0 chain mail
 f - a +0 pair of boots (worn)
 g - a +0 cloak of preservation (worn)
 h - a +0 ring mail of poison resistance (worn)
 n - a +0 helmet of see invisible (worn)
 D - a +0 buckler (worn)
Jewellery
 a - a ring of resist corrosion (right hand)
 m - a +6 ring of dexterity (left hand)
Wands
 q - a wand of digging (3)
 E - a wand of paralysis (10)
 F - a wand of flame (2)
Scrolls
 c - 3 scrolls of vulnerability
 i - a scroll of blinking
 t - a scroll of magic mapping {unknown}
 u - a scroll of holy word {unknown}
 y - a scroll of teleportation {unknown}
 A - a scroll of enchant weapon {unknown}
 H - a scroll of silence {unknown}
Potions
 b - 2 potions of curing
 e - 2 potions of flight {unknown}
 j - a potion of degeneration {unknown}
 l - 3 potions of might
 o - 4 potions of brilliance
 p - a potion of berserk rage {unknown}
 r - a potion of cancellation {unknown}
 s - a potion of lignification {unknown}
 w - 5 potions of mutation {unknown}
 x - a potion of resistance {unknown}
 z - 3 potions of ambrosia {unknown}
 B - a potion of heal wounds {unknown}


   Skills:
 + Level 6.3 Fighting
 + Level 9.7 Axes
 * Level 6.9 Armour
 - Level 2.4 Dodging
 - Level 1.5 Stealth
 * Level 1.8 Shields


You had 7 spell levels left.
You didn't know any spells.
Your spell library was empty.

Dungeon Overview and Level Annotations

Branches:
Dungeon (6/15)             Temple (0/1) D:5         Ossuary (visited)

Altars:
Hepliaklqana

Shops:
D:2 [   D:5 =


Message History

2 kobolds come into view.
Okay, then.
Okay, then.
You feel better.
The sky beast hits you but does no damage.
You block the kobold brigand's attack.
You barely miss the kobold brigand.
The kobold shouts!
You slash the sky beast! You closely miss the kobold.
You hear a shout!
The sky beast completely misses you. The kobold brigand barely misses you.
You block the kobold's attack.
You hit the kobold brigand.
The kobold brigand is lightly wounded.
You hit the sky beast. You completely miss the kobold.
You block the sky beast's attack. You block the kobold brigand's attack.
The kobold closely misses you.
You barely miss the two-headed ogre.
The two-headed ogre is lightly wounded.
You slash the kobold!
You kill the kobold!
Beogh accepts your kill.
You hit the kobold brigand. You slash the sky beast!
You kill the sky beast!
Beogh accepts your kill. You block the two-headed ogre's attack.
The two-headed ogre barely misses you. You block the kobold's attack.
The kobold brigand hits you but does no damage.
Things that are here:
a +0 club; a +0 dagger You slash the two-headed ogre!
The two-headed ogre is moderately wounded.
You closely miss the kobold brigand. You slash the kobold!
You kill the kobold!
Beogh accepts your kill.
You slash the kobold!
You kill the kobold!
Beogh accepts your kill.
The two-headed ogre hits you with a +0 giant club!!
You die...

.. ... ..# .K# # #K#
.#.. #####K### ....#
###K@##...#
.##..##.KO<)...#
........K##....# .#.
.#....#K#####..# ....
....#.#..## ##.##.....
.#......./# ##........
....$....####K.##.../.
.#..<>..K#.....# ....
...##......O..## ..>


You could see a two-headed ogre, a kobold brigand and 3 kobolds.

Vanquished Creatures
  Sigmund (D:4)
  Eustachio (D:5)
  Pargi (D:3)
  An ogre (D:5)
  A sky beast (D:6)
  A phantom (D:5)
  Blork the orc (D:5)
  A scorpion (D:5)
  A howler monkey (D:5)
  A centaur skeleton (D:4)
  3 bullfrog skeletons
  An iguana (D:5)
  A gnoll shaman (D:5)
  Natasha (thrice) (D:3)
  A hound zombie (D:5)
  8 mummies (Ossuary)
  A hound skeleton (D:5)
  Robin (D:3)
  3 gnolls (D:5)
  8 adders
  A white imp (D:4)
  4 worms
  4 dart slugs
  9 orcs
  6 ball pythons
  5 bats
  8 endoplasms
  3 giant cockroaches
  13 goblins
  8 hobgoblins
  10 jackals
  12 kobolds
  2 quokkas
  5 frilled lizards
  A gnoll zombie (Ossuary)
  A hobgoblin zombie (Ossuary)
  4 kobold zombies (Ossuary)
  2 orc zombies (Ossuary)
  6 rats
144 creatures vanquished.

Vanquished Creatures (others)
  An orc wizard (D:4)
  An orc (D:4)
  An endoplasm (D:4)
  A kobold (D:4)
4 creatures vanquished.

Grand Total: 148 creatures vanquished

Notes
Turn   | Place    | Note
-------+----------+-------------------------------------------
     0 | D:1      | Exodus22XD the Hill Orc Monk began the quest for the Orb.
     0 | D:1      | Reached XP level 1. HP: 19/19 MP: 1/1
   123 | D:1      | Reached XP level 2. HP: 3/27 MP: 2/2
   611 | D:1      | Reached skill level 1 in Armour
   812 | D:1      | Reached XP level 3. HP: 33/33 MP: 3/3
  1185 | D:2      | Found Aziudwar's Armour Boutique.
  1546 | D:2      | Found a faded altar of an unknown god.
  1593 | D:2      | Reached skill level 5 in Axes
  1623 | D:2      | Reached XP level 4. HP: 28/41 MP: 4/4
  2560 | D:2      | Bought a +0 helmet of see invisible for 115 gold pieces
  2613 | D:3      | Noticed Natasha
  2630 | D:3      | Killed Natasha
  2631 | D:3      | Reached XP level 5. HP: 24/47 MP: 5/5
  2794 | D:3      | Noticed Robin
  2809 | D:3      | Killed Robin
  2810 | D:3      | Reached skill level 6 in Axes
  2954 | D:3      | Noticed Pargi
  2992 | D:3      | Killed Pargi
  2993 | D:3      | Reached XP level 6. HP: 12/55 MP: 6/6
  3470 | D:3      | Noticed Natasha
  3484 | D:3      | Killed Natasha
  3487 | D:3      | Noticed Natasha
  3493 | D:3      | Killed Natasha
  4108 | D:4      | Reached skill level 5 in Fighting
  4247 | D:4      | Found a sand-covered staircase.
  4258 | Ossuary  | Entered an ossuary
  4309 | Ossuary  | Reached skill level 7 in Axes
  4637 | Ossuary  | Reached XP level 7. HP: 39/61 MP: 7/7
  5071 | D:4      | Became a worshipper of Beogh the Brigand
  5071 | D:4      | Reached * piety under Beogh
  5071 | D:4      | Reached ** piety under Beogh
  5405 | D:4      | Noticed Sigmund
  5417 | D:4      | Killed Sigmund
  5418 | D:4      | Reached skill level 8 in Axes
  5418 | D:4      | Reached skill level 5 in Armour
  5604 | D:5      | Entered Level 5 of the Dungeon
  5665 | D:5      | Found Hevuar's One-of-a-Kind Rings.
  5683 | D:5      | Found a staircase to the Ecumenical Temple.
  5895 | D:5      | Reached XP level 8. HP: 41/70 MP: 8/8
  5906 | D:5      | Found a hazy altar of Hepliaklqana.
  6104 | D:5      | Noticed Blork the orc
  6115 | D:5      | Killed Blork the orc
  6116 | D:5      | Reached skill level 9 in Axes
  6760 | D:5      | Noticed Eustachio
  6791 | D:5      | Killed Eustachio
  6792 | D:5      | Reached skill level 1 in Shields
  7595 | D:2      | Bought a +0 cloak of preservation for 115 gold pieces
  7799 | D:6      | Noticed a two-headed ogre
  7838 | D:6      | Mangled by a two-headed ogre

Illustrated notes

Levels and vault maps discovered:
D:1:      ncdulo_watergridlock, layout_loops_cross
D:2:      layout_loops_ring, ebering_ecumenical_altar_abandoned, serial_shops,
          nicolae_lakefront_shop
D:3:      layout_basic, supply_closet_lemuel, uniq_natasha, uniq_pargi,
          uniq_robin
D:4:      layout_rooms, chequers_ossuary_entry_cave, uniq_sigmund
D:5:      layout_layer_cave, mainiacjoe_overflow_24_doors,
          minmay_temple_entry_slanted, nicolae_shop_unique_rings,
          chequers_serial_rivers_room_b, uniq_blork_the_orc, uniq_eustachio
D:6:      layout_cave_pools, makhleb_grotto_becter, serial_glass,
          glass_columns_a, glass_columns_b, ebering_ghost_disaster_area

Skill      XL: |  1  2  3  4  5  6  7  8 |
---------------+-------------------------+-----
Fighting       | 4 5 6 |  6.3
Armour         | 1 2 3 4 5 6 |  6.9
Axes           | 5 6 7 8 9 |  9.7
Shields        | 1 |  1.8
Dodging        | |  2.4
Stealth        | |  1.5

Action                   |  1- 3 |  4- 6 |  7- 9 || total
-------------------------+-------+-------+-------++-------
Melee: Hand axe          |   128 |   293 |    52 ||   473
       Punch             |     4 |     6 |       ||    10
       War axe           |       |       |   143 ||   143
Invok: Convert to Beogh  |       |       |     1 ||     1
Evoke: Wand              |       |       |     2 ||     2
  Use: Scroll            |       |       |     5 ||     5
       Potion            |       |       |     3 ||     3
 Stab: Sleeping          |     1 |     1 |     1 ||     3
Armor: Robe              |    12 |       |       ||    12
       Chain mail        |     8 |       |       ||     8
       Ring mail         |    16 |   108 |    72 ||   196
Dodge: Dodged            |    76 |   201 |   129 ||   406
Block: Buckler           |       |       |    18 ||    18
